 Dungeon Crawl Stone Soup version 0.27-a0-668-gb5737ff2c0 (webtiles) character file.

Game seed: 2208227505062650702

68 Lanoc the Charlatan (level 4, -1/33 HPs)
             Began as a Barachi Artificer on Mar 17, 2021.
             Slain by an adder (5 damage)
             ... on level 3 of the Dungeon.
             The game lasted 00:02:11 (1792 turns).

Lanoc the Charlatan (Barachi Artificer)             Turns: 1792, Time: 00:02:12

Health: -1/33      AC:  3    Str: 14    XL:     4   Next: 19%
Magic:  1/1        EV: 12    Int: 11    God:
Gold:   55         SH:  0    Dex: 13    Spells: 3/3 levels left

rFire    . . .     SeeInvis .   a - +2 spear (antimagic)
rCold    . . .     Faith    .   (no shield)
rNeg     . . .     Spirit   .   b - +0 leather armour
rPois    .         Reflect  .   (no helmet)
rElec    .         Harm     .   (no cloak)
rCorr    .         Rampage  .   (no gloves)
Will     .....                  (no boots)
Stlth    +.........             (no amulet)
HPRegen  0.11/turn              (no ring)
MPRegen  0.07/turn              (no ring)

@: lethally poisoned (-1 -> -14), slow
A: +LOS, amphibious, slowness 1, strong legs 1
a: Hop


You were on level 3 of the Dungeon.
You visited 1 branch of the dungeon, and saw 3 of its levels.

You collected 55 gold pieces.

Inventory:

Hand Weapons
 a - a +2 antimagic spear (weapon)
Armour
 b - a +0 leather armour (worn)
Wands
 c - a wand of flame (5) (quivered)
 d - a wand of charming (15)
 e - a wand of random effects (15)
Scrolls
 h - a scroll of identify {unknown}
 i - a scroll of vulnerability {unknown}
 j - a scroll of teleportation {unknown}
Potions
 f - a potion of might {unknown}
 g - a potion of curing {unknown}


   Skills:
 + Level 2.2 Fighting
 + Level 3.1 Armour
 + Level 2.1 Dodging
 - Level 0.8 Stealth
 * Level 4.2 Evocations


You had 3 spell levels left.
You didn't know any spells.
Your spell library was empty.

Dungeon Overview and Level Annotations

Branches:
Dungeon (3/15)

Altars:
Elyvilon
Trog
Wu Jian

Annotations:
D:3 1 runed translucent door, qborf's ghost, amateur TrEE


Innate Abilities, Weirdness & Mutations

You can be seen from farther away. (+LOS)
You are amphibious.
You cover ground slowly.
You can hop short distances.


Message History

The adder hisses angrily.
You closely miss the adder. The adder closely misses you.
You closely miss the adder. The adder bites you.
You are poisoned.
The adder poisons you!
You barely miss the adder.
You feel sick. The adder bites you. The adder misses you.
You are too injured to fight recklessly!
You are too injured to fight recklessly!
You barely miss the adder.
You feel sick. The adder misses you.
You hit the adder.
The adder is moderately wounded.
The adder barely misses you. x2
You completely miss the adder.
The adder is lightly wounded.
You feel sick. The adder bites you.
You are more poisoned.
The adder poisons you!
You closely miss the adder.
The adder is lightly wounded.
You feel sick. The adder bites you.
* * * LOW HITPOINT WARNING * * *
The adder bites you.
* * * LOW HITPOINT WARNING * * *
You are more poisoned.
The adder poisons you!
Aiming: Throw Flame
Press: ? - help, Q - select action, (/) - cycle Shift-Dir - straight line, f - adder
Aim: an adder (lightly wounded, 47% to evade)
The puff of flame misses the adder.
* * * LOW HITPOINT WARNING * * *
You feel sick. The adder closely misses you.
Aiming: Throw Flame
Press: ? - help, Q - select action, (/) - cycle Shift-Dir - straight line, f/p - adder
Aim: an adder (lightly wounded, 47% to evade)
The puff of flame hits the adder.
The adder is heavily wounded.
* * * LOW HITPOINT WARNING * * *
You feel sick. The adder bites you.
You die...

W≈
####.##.#####...#
### #....# #...#
###..# #.[.# ##..
#...# #.. ###.#
#.. #.# #.##
###†###
#.##.##.....#
#.S@.....#
#...........#
#...####.....#
#!# #.....# ..
..#.### ...#.#
#...#.. #......#
#..!#.##


You could see an adder.

Vanquished Creatures
  Natasha (D:2)
  An adder (D:3)
  3 worms (D:2)
  A dart slug (D:3)
  3 giant cockroaches
  2 goblins
  3 hobgoblins
  2 jackals (D:3)
  A kobold (D:1)
  2 bats (D:2)
  3 frilled lizards
  4 rats (D:2)
26 creatures vanquished.

Notes
Turn   | Place    | Note
-------+----------+-------------------------------------------
     0 | D:1      | Lanoc the Barachi Artificer began the quest for the Orb.
     0 | D:1      | Reached XP level 1. HP: 15/15 MP: 1/1
   426 | D:1      | Reached XP level 2. HP: 19/21 MP: 2/2
   553 | D:2      | Noticed a moth of wrath
   556 | D:2      | Found a bloodstained altar of Trog.
   920 | D:2      | Found a white marble altar of Elyvilon.
  1184 | D:2      | Noticed Natasha
  1198 | D:2      | Killed Natasha
  1199 | D:2      | Reached skill level 4 in Evocations
  1199 | D:2      | Reached XP level 3. HP: 8/27 MP: 1/3
  1480 | D:2      | Found an ornate altar of the Wu Jian Council.
  1659 | D:3      | Noticed qborf's ghost (amateur TrEE)
  1663 | D:3      | Found a runed translucent door.
  1709 | D:3      | Reached XP level 4. HP: 27/33 MP: 1/4
  1792 | D:3      | Slain by an adder

Illustrated notes

Levels and vault maps discovered:
D:1:      dpeg_arrival_castle, layout_basic
D:2:      layout_loops_ring, elyvilon_altar_1, nzn_wu_jian_contemplation,
          tgw_trog, minmay_domino_2, uniq_natasha
D:3:      layout_rooms, ebering_ghost_sewer_d, saegor_snake_ambush

Skill      XL: |  1  2  3 |
---------------+----------+-----
Fighting       | 2 |  2.2
Armour         | 3 |  3.1
Evocations     | 4 |  4.2
Dodging        | 2 |  2.1
Stealth        | |  0.8

Action                   |  1- 3 |  4- 6 || total
-------------------------+-------+-------++-------
Melee: Club              |    15 |       ||    15
       Dagger            |    35 |       ||    35
       Spear             |    60 |    29 ||    89
Evoke: Wand              |     8 |     2 ||    10
 Stab: Sleeping          |     4 |       ||     4
Armor: Leather armour    |    19 |     5 ||    24
Dodge: Dodged            |    48 |    24 ||    72

Table legend: (Time is in decaauts)
 A = Elapsed time spent in this place.
 B = Non-inter-level travel time spent in this place.
 C = Inter-level travel time spent in this place.
 D = Time resting spent in this place.
 E = Time spent auto-exploring this place.
 F = Levels seen in this place.
 G = Mean time per level.
                   A        B        C        D        E       F      G
               +--------+--------+--------+--------+--------+-----+--------+
         Total |   1960 |   1916 |     44 |      0 |   1583 |   3 |  653.3 |
       Dungeon |   1960 |   1916 |     44 |      0 |   1583 |   3 |  653.3 |
               +--------+--------+--------+--------+--------+-----+--------+

Top non-repeatable levels by time:
     D:2: 1306 daAuts
     D:1: 467 daAuts
     D:3: 186 daAuts
